 Dungeon Crawl Stone Soup version 0.28.0-49-g6dfe1f597d (webtiles) character file.

Game seed: 12026043004343798124

28 Gabide the Poker (level 3, -1/29 HPs)
             Began as a Human Monk on May 17, 2022.
             Slain by a gnoll
             ... wielding a +0 spear
              (5 damage)
             ... on level 1 of the Dungeon.
             The game lasted 00:01:51 (612 turns).

Gabide the Poker (Human Monk)                        Turns: 612, Time: 00:01:52

Health: -1/29      AC:  2    Str: 13    XL:     3   Next: 30%
Magic:  3/3        EV: 13    Int: 10    God:
Gold:   31         SH:  0    Dex: 15    Spells: 2/2 levels left

rFire   . . .      SeeInvis .   a - +0 spear
rCold   . . .      Faith    .   (no shield)
rNeg    . . .      Spirit   .   b - +0 robe
rPois   .          Reflect  .   (no helmet)
rElec   .          Harm     .   (no cloak)
rCorr   .          Rampage  .   (no gloves)
Will    +....                   (no boots)
Stlth   ++........              (no amulet)
HPRegen 0.09/turn               c - ring of willpower
MPRegen 0.08/turn               (no ring)

@: no status effects
A: no striking features
a: no special abilities


You were on level 1 of the Dungeon.
You visited 1 branch of the dungeon, and saw 1 of its levels.

You collected 31 gold pieces.

Inventory:

Hand Weapons
 a - a +0 spear (weapon)
Armour
 b - a +0 robe (worn)
Jewellery
 c - a ring of willpower (left hand)


   Skills:
 - Level 3.0 Fighting
 + Level 4.2 Polearms
 - Level 3.0 Dodging
 - Level 2.0 Stealth


You had 2 spell levels left.
You didn't know any spells.
Your spell library was empty.

Dungeon Overview and Level Annotations

Branches:
Dungeon (1/15)

Altars:


Message History

* * * LOW HITPOINT WARNING * * *
You see here a fizzy ruby potion.
You aren't carrying any items that you can evoke.
You aren't carrying any potions.
You aren't carrying any scrolls.
You see here a rat corpse.
You are too injured to fight recklessly!
Unknown command.
Reach: a) +0 spear
Press: ? - help, Dir - move target, f/p - gnoll
Aim: a gnoll, wielding a +0 spear (lightly wounded, about 32% to evade your +0 spear)
You reach to attack!
You hit the gnoll.
The gnoll is lightly wounded.
The gnoll hits you from afar with a +0 spear.
* * * LOW HITPOINT WARNING * * *
Reach: a) +0 spear
Press: ? - help, Dir - move target, f/p - gnoll
Aim: a gnoll, wielding a +0 spear (lightly wounded, about 32% to evade your +0 spear)
You reach to attack!
You hit the gnoll but do no damage.
The gnoll is lightly wounded.
The gnoll misses you.
Reach: a) +0 spear
Press: ? - help, Dir - move target, f/p - gnoll
Aim: a gnoll, wielding a +0 spear (lightly wounded, about 32% to evade your +0 spear)
You reach to attack!
You hit the gnoll.
The gnoll is moderately wounded.
The gnoll closely misses you.
Reach: a) +0 spear
Press: ? - help, Dir - move target, f/p - gnoll
Aim: a gnoll, wielding a +0 spear (moderately wounded, about 32% to evade your +0 spear)
You reach to attack!
You hit the gnoll.
The gnoll is heavily wounded.
The gnoll barely misses you.
Reach: a) +0 spear
Press: ? - help, Dir - move target, f/p - gnoll
Aim: a gnoll, wielding a +0 spear (heavily wounded, about 32% to evade your +0 spear)
You reach to attack!
You hit the gnoll.
The gnoll is severely wounded.
The gnoll hits you from afar with a +0 spear.
You die...

#### ### #..# ###########.#
##..########..†........#
............#.########.#
##..........#.########.######
#..######......@.gB........#
#..######....########.####.#
#..).........# .#........#.#
#..######....# .#.....#.##g# #..#
#....##.#######.##.#
##..######...............##B# ###
.........#.(......###...###.# ...
#.#.#.####..................#....
...)..####.#######.##...###.#....


You could see a gnoll and a giant cockroach.

Vanquished Creatures
  2 dart slugs (D:1)
  3 endoplasms (D:1)
  A giant cockroach (D:1)
  A hobgoblin (D:1)
  4 jackals (D:1)
  A quokka (D:1)
  3 ball pythons (D:1)
  A bat (D:1)
  A goblin (D:1)
  A kobold (D:1)
  6 rats (D:1)
24 creatures vanquished.

Notes
Turn   | Place    | Note
-------+----------+-------------------------------------------
     0 | D:1      | Gabide the Human Monk began the quest for the Orb.
     0 | D:1      | Reached XP level 1. HP: 18/18 MP: 1/1
   231 | D:1      | Reached XP level 2. HP: 22/24 MP: 2/2
   492 | D:1      | Reached skill level 4 in Polearms
   492 | D:1      | Reached XP level 3. HP: 29/29 MP: 3/3
   612 | D:1      | Slain by a gnoll

Illustrated notes

Levels and vault maps discovered:
D:1:      psy_arrival_basics, layout_basic, serial_shops, nicolae_shop_trees

Skill      XL: |  1  2 |
---------------+-------+-----
Polearms       | 4 |  4.2
Fighting       | |  3.0
Dodging        | |  3.0
Stealth        | |  2.0

Action                   || total
-------------------------++-------
Melee: Spear             ||    93
 Stab: Sleeping          ||     6
Armor: Robe              ||    15
Dodge: Dodged            ||    49
